MLB
WASHINGTON NATIONALS @ ST. LOUIS CARDINALS
07/08/2049
 
TOP OF THE 1ST
Washington Nationals batting - Pitching for St. Louis Cardinals : RHP Dave Crouch
Pitching: RHP Dave Crouch
Batting: RHB Tommy Baird 0-0: Foul Ball, location: 2F
0-1: Swinging Strike
0-2: Ball
1-2: Ground out 1-3 (Groundball, 15S, EV 72.5 MPH)
Batting: RHB Dave Vargas 0-0: Ball
1-0: Ground out 6-3 (Groundball, 6S, EV 88.1 MPH)
Batting: LHB Seth Cook 0-0: Ball
1-0: Ball
2-0: Ball
3-0: Called Strike
3-1: Base on Balls
Batting: LHB Kyung-jin Cho 0-0: Called Strike
0-1: Ball
1-1: Ball
2-1: Ball
3-1: Base on Balls
Seth Cook to second
Batting: LHB Emmanuel Gaskin 0-0: Ball
1-0: Ground out 4-3 (Groundball, 4, EV 91.9 MPH)
Top of the 1st over - 0 runs, 0 hits, 0 errors, 2 left on base; Washington 0 - St. Louis 0
BOTTOM OF THE 1ST
St. Louis Cardinals batting - Pitching for Washington Nationals : LHP Kerry Baty
Pitching: LHP Kerry Baty
Batting: RHB Mike Bates 0-0: Called Strike
0-1: Foul Ball, location: 2F
0-2: Ball
1-2: Foul Ball, location: 2F
1-2: Strikes out looking
Batting: RHB Melvin Enriquez 0-0: Ball
1-0: Foul Ball, location: 2F
1-1: Ground out 6-3 (Groundball, 56, EV 86.2 MPH)
Batting: SHB Antoine Roux 0-0: Called Strike
0-1: Ball
1-1: Ball
2-1: Foul Ball, location: 2F
2-2: Foul Ball, location: 2F
2-2: Foul Ball, location: 2F
2-2: Foul Ball, location: 2F
2-2: Ball
3-2: Base on Balls
Batting: RHB Danny Gallo 0-0: Ball
1-0: Fly out, F7 (Flyball, 7D, EV 105.0 MPH)
Bottom of the 1st over - 0 runs, 0 hits, 0 errors, 1 left on base; Washington 0 - St. Louis 0
TOP OF THE 2ND
Washington Nationals batting - Pitching for St. Louis Cardinals : RHP Dave Crouch
Batting: RHB Kirk Arp 0-0: Ball
1-0: Called Strike
1-1: Ball
2-1: Ball
3-1: Swinging Strike
3-2: Ground out 5-3 (Groundball, 56, EV 103.8 MPH)
Batting: LHB Bob Melley 0-0: Foul Ball, location: 2F
0-1: Called Strike
0-2: Strikes out looking
Batting: RHB Eric Wiss 0-0: Ball
1-0: Ball
2-0: Foul Ball, location: 2F
2-1: Foul Ball, location: 2F
2-2: Foul Ball, location: 2F
2-2: Strikes out looking
Top of the 2nd over - 0 runs, 0 hits, 0 errors, 0 left on base; Washington 0 - St. Louis 0
BOTTOM OF THE 2ND
St. Louis Cardinals batting - Pitching for Washington Nationals : LHP Kerry Baty
Batting: LHB Ichiro Toyota 0-0: Called Strike
0-1: Ball
1-1: Swinging Strike
1-2: Foul Ball, location: 2F
1-2: Foul Ball, location: 2F
1-2: Ball
2-2: Strikes out looking
Batting: SHB Chris Blue 0-0: Foul Ball, location: 2F
0-1: SINGLE (Groundball, 56D, EV 95.6 MPH)
Batting: RHB Tyler Walker 0-0: Ball
1-0: Foul Ball, location: 2F
1-1: DOUBLE (Groundball, 5L, EV 98.8 MPH)
Chris Blue to third
Batting: SHB Harry Hoop 0-0: Fly out, F7 (Flyball, 7LM, EV 97.5 MPH)
Batting: LHB Armando Carbajal 0-0: Ball
1-0: Swinging Strike
1-1: Ball
2-1: Ball
3-1: Ground out 4-3 (Groundball, 4, EV 88.1 MPH)
Bottom of the 2nd over - 0 runs, 2 hits, 0 errors, 2 left on base; Washington 0 - St. Louis 0
TOP OF THE 3RD
Washington Nationals batting - Pitching for St. Louis Cardinals : RHP Dave Crouch
Batting: RHB Darren McCarty Jr. 0-0: SINGLE (Groundball, 5S, EV 65.6 MPH) (infield hit)
Batting: RHB Tommy Baird 0-0: Ball
Darren McCarty Jr. is caught stealing 2nd base 2-4
1-0: Foul Ball, location: 2F
1-1: Swinging Strike
1-2: Ground out 1-3 (Groundball, 15S, EV 66.9 MPH)
Batting: RHB Dave Vargas 0-0: Ball
1-0: Fly out, F8 (Flyball, 89M, EV 86.9 MPH)
Top of the 3rd over - 0 runs, 1 hit, 0 errors, 0 left on base; Washington 0 - St. Louis 0
BOTTOM OF THE 3RD
St. Louis Cardinals batting - Pitching for Washington Nationals : LHP Kerry Baty
Batting: RHB Mike Bates 0-0: Ball
1-0: Ball
2-0: Ball
3-0: Called Strike
3-1: Base on Balls
Batting: RHB Melvin Enriquez 0-0: Ball
Mike Bates is caught stealing 2nd base 2-4
1-0: Ball
2-0: Fly out, F8 (Flyball, 8RM, EV 86.9 MPH)
Batting: SHB Antoine Roux 0-0: Called Strike
0-1: Fly out, F9 (Flyball, 9LS, EV 91.9 MPH)
Bottom of the 3rd over - 0 runs, 0 hits, 0 errors, 0 left on base; Washington 0 - St. Louis 0
TOP OF THE 4TH
Washington Nationals batting - Pitching for St. Louis Cardinals : RHP Dave Crouch
Batting: LHB Seth Cook 0-0: Ball
1-0: Ball
2-0: Ball
3-0: SINGLE (Groundball, 34D, EV 103.1 MPH)
Batting: LHB Kyung-jin Cho 0-0: Swinging Strike
0-1: Ball
1-1: Called Strike
1-2: Ball
2-2: DOUBLE (Groundball, 5L, EV 96.2 MPH)
Seth Cook to third
Batting: LHB Emmanuel Gaskin 0-0: Called Strike
0-1: TRIPLE (Line Drive, 78XD, EV 106.9 MPH)
Seth Cook scores
Kyung-jin Cho scores
Batting: RHB Kirk Arp 0-0: Ball
1-0: Ball
2-0: SINGLE (Line Drive, 4D, EV 96.2 MPH)
Emmanuel Gaskin scores
Batting: LHB Bob Melley 0-0: Ball
1-0: Foul Ball, location: 2F
1-1: Ball
2-1: Called Strike
2-2: Ball
3-2: Foul Ball, location: 2F
3-2: Base on Balls
Kirk Arp to second
Batting: RHB Eric Wiss 0-0: Ball
1-0: Called Strike
1-1: Grounds into double play, 6-4-3 (Groundball, 6, EV 81.9 MPH)
Kirk Arp to third
Batting: RHB Darren McCarty Jr. 0-0: Called Strike
0-1: Swinging Strike
0-2: Ball
1-2: DOUBLE (Flyball, 89D, EV 110.0 MPH)
Kirk Arp scores
Batting: RHB Tommy Baird 0-0: Ball
1-0: Foul Ball, location: 2F
1-1: Ground out 6-3 (Groundball, 6, EV 100.0 MPH)
Top of the 4th over - 4 runs, 5 hits, 0 errors, 1 left on base; Washington 4 - St. Louis 0
BOTTOM OF THE 4TH
St. Louis Cardinals batting - Pitching for Washington Nationals : LHP Kerry Baty
Batting: RHB Danny Gallo 0-0: Called Strike
0-1: Ball
1-1: Foul Ball, location: 2F
1-2: Ball
2-2: Ball
3-2: Ground out 5-3 (Groundball, 5, EV 101.9 MPH)
Batting: LHB Ichiro Toyota 0-0: Ground out 1-3 (Groundball, 34S, EV 71.2 MPH)
Batting: SHB Chris Blue 0-0: Ball
1-0: Called Strike
1-1: Foul Ball, location: 2F
1-2: Ground out 4-3 (Groundball, 4, EV 83.8 MPH)
Bottom of the 4th over - 0 runs, 0 hits, 0 errors, 0 left on base; Washington 4 - St. Louis 0
TOP OF THE 5TH
Washington Nationals batting - Pitching for St. Louis Cardinals : RHP Dave Crouch
Batting: RHB Dave Vargas 0-0: Called Strike
0-1: Foul Ball, location: 2F
0-2: Ball
1-2: Foul Ball, location: 2F
1-2: Fly out, F8 (Flyball, 89D, EV 95.0 MPH)
Batting: LHB Seth Cook 0-0: Ball
1-0: Ball
2-0: Ball
3-0: Called Strike
3-1: Called Strike
3-2: Foul Ball, location: 2F
3-2: Fly out, F9 (Line Drive, 89M, EV 94.4 MPH)
Batting: LHB Kyung-jin Cho 0-0: Ground out 4-3 (Groundball, 34D, EV 105.0 MPH)
Top of the 5th over - 0 runs, 0 hits, 0 errors, 0 left on base; Washington 4 - St. Louis 0
BOTTOM OF THE 5TH
St. Louis Cardinals batting - Pitching for Washington Nationals : LHP Kerry Baty
Batting: RHB Tyler Walker 0-0: Swinging Strike
0-1: Ball
1-1: Called Strike
1-2: Fly out, F7 (Flyball, 7D, EV 94.4 MPH)
Batting: SHB Harry Hoop 0-0: Foul Ball, location: 2F
0-1: Foul Ball, location: 2F
0-2: Ball
1-2: Ball
2-2: Strikes out swinging
Batting: LHB Armando Carbajal 0-0: Ball
1-0: Ball
2-0: Called Strike
2-1: Ground out 5-3 (Groundball, 56, EV 98.1 MPH)
Bottom of the 5th over - 0 runs, 0 hits, 0 errors, 0 left on base; Washington 4 - St. Louis 0
TOP OF THE 6TH
Washington Nationals batting - Pitching for St. Louis Cardinals : RHP Dave Crouch
Batting: LHB Emmanuel Gaskin 0-0: Swinging Strike
0-1: Swinging Strike
0-2: Foul Ball, location: 2F
0-2: Ball
1-2: Ball
2-2: Strikes out swinging
Batting: RHB Kirk Arp 0-0: Called Strike
0-1: Ball
1-1: Called Strike
1-2: Foul Ball, location: 2F
1-2: SINGLE (Flyball, 34D, EV 88.1 MPH)
Batting: LHB Bob Melley 0-0: Called Strike
0-1: Grounds into double play, 4-6-3 (Groundball, 34, EV 91.2 MPH)
Top of the 6th over - 0 runs, 1 hit, 0 errors, 0 left on base; Washington 4 - St. Louis 0
BOTTOM OF THE 6TH
St. Louis Cardinals batting - Pitching for Washington Nationals : LHP Kerry Baty
Batting: RHB Mike Bates 0-0: Ball
1-0: Called Strike
1-1: Ball
2-1: Ball
3-1: Base on Balls
Batting: RHB Melvin Enriquez 0-0: Ball
1-0: Swinging Strike
1-1: Ball
2-1: Fly out, F4 (Popup, 4S, EV 73.8 MPH)
Batting: SHB Antoine Roux 0-0: Ball
Mike Bates steals 2nd base
1-0: SINGLE (Line Drive, 8RS, EV 103.1 MPH)
Mike Bates to third
Runner from 3rd tries for Home, SAFE, throw by CF to home
Batting: RHB Danny Gallo 0-0: Called Strike
0-1: Foul Ball, location: 2F
0-2: Fielders Choice at 2nd, 1-6 (Groundball, 34S, EV 70.0 MPH)
Batting: LHB Ichiro Toyota 0-0: Foul Ball, location: 2F
0-1: Hit by Pitch
Danny Gallo to second
Batting: SHB Chris Blue 0-0: Fly out, F9 (Line Drive, 9, EV 95.6 MPH)
Bottom of the 6th over - 1 run, 1 hit, 0 errors, 2 left on base; Washington 4 - St. Louis 1
TOP OF THE 7TH
Washington Nationals batting - Pitching for St. Louis Cardinals : RHP Dave Crouch
Batting: RHB Eric Wiss 0-0: Ball
1-0: Foul Ball, location: 2F
1-1: Fly out, F8 (Flyball, 8LM, EV 91.9 MPH)
Batting: RHB Darren McCarty Jr. 0-0: Ball
1-0: Called Strike
1-1: Ground out U3 (Groundball, 34, EV 83.1 MPH)
Batting: RHB Tommy Baird 0-0: Foul Ball, location: 2F
0-1: Swinging Strike
0-2: Ball
1-2: Ball
2-2: Fly out, F4 (Popup, 4, EV 63.1 MPH)
Top of the 7th over - 0 runs, 0 hits, 0 errors, 0 left on base; Washington 4 - St. Louis 1
BOTTOM OF THE 7TH
St. Louis Cardinals batting - Pitching for Washington Nationals : LHP Kerry Baty
Batting: RHB Tyler Walker 0-0: Called Strike
0-1: Ball
1-1: Called Strike
1-2: Strikes out swinging
Batting: SHB Harry Hoop 0-0: Swinging Strike
0-1: Ball
1-1: Ball
2-1: Ball
3-1: Foul Ball, location: 2F
3-2: Foul Ball, location: 2F
3-2: Ground out 4-3 (Groundball, 4M, EV 91.9 MPH)
Pitching: RHP Caleb Westbay
Batting: LHB Armando Carbajal 0-0: Ball
1-0: Swinging Strike
1-1: Ball
2-1: Ball
3-1: Base on Balls
Batting: RHB Mike Bates 0-0: DOUBLE (Line Drive, 78D, EV 111.9 MPH)
Armando Carbajal to third
Runner from 3rd tries for Home, SAFE, no throw by LF
Batting: RHB Melvin Enriquez 0-0: Swinging Strike
0-1: Ball
1-1: Foul Ball, location: 2F
1-2: Foul Ball, location: 2F
1-2: Strikes out swinging
Bottom of the 7th over - 1 run, 1 hit, 0 errors, 1 left on base; Washington 4 - St. Louis 2
TOP OF THE 8TH
Washington Nationals batting - Pitching for St. Louis Cardinals : RHP Dave Crouch
Pitching: RHP Mike Pemble
Batting: RHB Dave Vargas 0-0: Ball
1-0: Ball
2-0: Fly out, F4 (Popup, 4, EV 57.5 MPH)
Batting: LHB Seth Cook 0-0: Swinging Strike
0-1: Fly out, F8 (Flyball, 89M, EV 91.9 MPH)
Batting: LHB Kyung-jin Cho 0-0: Ball
1-0: Ball
2-0: Foul Ball, location: 2F
2-1: SINGLE (Groundball, 5D, EV 104.4 MPH)
Batting: LHB Emmanuel Gaskin 0-0: Swinging Strike
0-1: Swinging Strike
0-2: Ball
1-2: Ball
2-2: Ball
3-2: Foul Ball, location: 2F
3-2: SINGLE (Line Drive, 8RS, EV 95.6 MPH)
Kyung-jin Cho to second
Kyung-jin Cho to third
Batting: RHB Kirk Arp 0-0: Called Strike
0-1: Called Strike
0-2: Strikes out swinging
Top of the 8th over - 0 runs, 2 hits, 0 errors, 2 left on base; Washington 4 - St. Louis 2
BOTTOM OF THE 8TH
St. Louis Cardinals batting - Pitching for Washington Nationals : RHP Caleb Westbay
Pitching: RHP George Kellum
Now at 1B: Darren McCarty Jr.
Now at SS: Dylan Novakowski
Batting: SHB Antoine Roux 0-0: Ball
1-0: Ball
2-0: Foul Ball, location: 2F
2-1: Ball
3-1: Base on Balls
Pinch Hitting: LHB Billy Guzman 0-0: SINGLE (Line Drive, 7S, EV 101.2 MPH)
Antoine Roux to second
Batting: LHB Ichiro Toyota 0-0: Foul Ball, location: 2F
0-1: Ball
1-1: Ball
2-1: Ball
3-1: Base on Balls
Antoine Roux to third
Billy Guzman to second
Batting: SHB Chris Blue 0-0: Ball
1-0: Grounds into fielders choice 4-2 (Groundball, 34, EV 86.9 MPH)
Billy Guzman to third
Ichiro Toyota to second
Batting: RHB Tyler Walker 0-0: Swinging Strike
0-1: Foul Ball, location: 2F
0-2: Foul Ball, location: 2F
0-2: Strikes out swinging
Batting: SHB Harry Hoop 0-0: Ground out 4-3 (Groundball, 4, EV 88.8 MPH)
Bottom of the 8th over - 0 runs, 1 hit, 0 errors, 3 left on base; Washington 4 - St. Louis 2
TOP OF THE 9TH
Washington Nationals batting - Pitching for St. Louis Cardinals : RHP Mike Pemble
Pitching: LHP Nick Suggett
Now in RF: Pat Sutton
Batting: LHB Bob Melley 0-0: Called Strike
0-1: Foul Ball, location: 2F
0-2: Fly out, F6 (Line Drive, 6, EV 66.9 MPH)
Pitching: LHP Danny Rivera
Batting: RHB Eric Wiss 0-0: SINGLE (Flyball, 6D, EV 90.6 MPH)
Batting: RHB Darren McCarty Jr. 0-0: Called Strike
Eric Wiss steals 2nd base
0-1: Foul Ball, location: 2F
0-2: Ball
1-2: Foul Ball, location: 2F
1-2: Ground out 5-3 (Groundball, 56S, EV 68.8 MPH)
Eric Wiss to third
Batting: RHB Tommy Baird 0-0: Called Strike
0-1: Swinging Strike
0-2: Ball
1-2: Ball
2-2: Foul Ball, location: 2F
2-2: Foul Ball, location: 2F
2-2: Ball
3-2: SINGLE (Groundball, 56D, EV 95.6 MPH)
Eric Wiss scores
Batting: RHB Dave Vargas 0-0: Ball
1-0: Foul Ball, location: 2F
1-1: Ball
2-1: Foul Ball, location: 2F
2-2: Ball
3-2: Fly out, F7 (Flyball, 7LM, EV 88.8 MPH)
Top of the 9th over - 1 run, 2 hits, 0 errors, 1 left on base; Washington 5 - St. Louis 2
BOTTOM OF THE 9TH
St. Louis Cardinals batting - Pitching for Washington Nationals : RHP George Kellum
Pitching: RHP David Sly
Now at 1B: Dan Fallon
Now at 2B: Darren McCarty Jr.
Batting: LHB Armando Carbajal 0-0: Ball
1-0: Ball
2-0: Swinging Strike
2-1: Ball
3-1: Base on Balls
Batting: RHB Mike Bates 0-0: Grounds into double play, 5-4-3 (Groundball, 56, EV 85.0 MPH)
Batting: RHB Melvin Enriquez 0-0: Foul Ball, location: 2F
0-1: Ball
1-1: Ball
2-1: Fly out, F9 (Flyball, 9D, EV 87.5 MPH)
Bottom of the 9th over - 0 runs, 0 hits, 0 errors, 0 left on base; Washington 5 - St. Louis 2
Sunday, July 16th , 2023 - OOTP Baseball 24.6 Build 69